 Dungeon Crawl Stone Soup version 0.18-a0-1300-g6e8322c (webtiles) character file.

63 RedPan the Vexing (level 3, 0/24 HPs)
             Began as a Vampire Enchanter on Feb 12, 2016.
             Slain by an adder (5 damage)
             ... on level 2 of the Dungeon.
             The game lasted 00:05:34 (1955 turns).

RedPan the Vexing (Vampire Enchanter)               Turns: 1955, Time: 00:05:35

Health: 0/24       AC:  3    Str:  7    XL:     3   Next: 89%
Magic:  1/6        EV: 12    Int: 18    God:
Gold:   108        SH:  0    Dex: 14    Spells: 3 memorised, 0 levels left

rFire  . . .     SeeInvis +     a - +2 dagger
rCold  + + .     Gourm    .     b - +1 robe
rNeg   + + +     Faith    .     (no shield)
rPois  +         Spirit   .     (no helmet)
rElec  .         Dismiss  .     (no cloak)
rCorr  .         Reflect  .     (no gloves)
SustAt .         Harm     .     (no boots)
MR     .....                    f - amulet of regeneration
Stlth  ++++......               (no ring)
                                e - ring of poison resistance

@: lethally poisoned (0 -> -1), regenerating slowly, not resistant to hostile
enchantments, stealthy
A: fangs 3, see invisible, unbreathing
a: Bat Form


You were on level 2 of the Dungeon.
You were near bloodless.

You visited 1 branch of the dungeon, and saw 3 of its levels.

You collected 108 gold pieces.

Inventory:

Hand Weapons
 a - a +2 dagger (weapon)
Armour
 b - a +1 robe (worn)
Jewellery
 e - a ring of poison resistance (left hand)
 f - an amulet of regeneration (around neck)
 h - an uncursed amulet of rage {unknown}
Scrolls
 g - 2 scrolls of magic mapping
 i - 2 scrolls of amnesia {unknown}
 n - a scroll of enchant weapon
Potions
 d - 12 potions of blood
 k - a potion of agility
 l - a potion of invisibility
 m - a potion of brilliance {unknown}
 o - a potion of flight {unknown}
Books
 c - a book of Maledictions

   Spells                             Type                      Level
   a - Corona                         Hexes                        1
   b - Ensorcelled Hibernation        Hexes/Ice                    2
   c - Confuse                        Hexes                        3
   d - Tukima's Dance                 Hexes                        3
   e - Dazzling Spray                 Conjuration/Hexes            3


   Skills:
 - Level 1.1 Short Blades
 - Level 2.1 Dodging
 + Level 6.0 Stealth
 - Level 2.0 Spellcasting
 - Level 6.0 Hexes


You couldn't memorise any spells.
You knew the following spells:

 Your Spells              Type           Power        Failure   Level  Hunger
a - Corona                Hex            ###....      1%          1    #......
b - Ensorcelled Hibernat  Hex/Ice        ##....       10%         2    ###....
c - Confuse               Hex            ###.....     4%          3    ###....


Dungeon Overview and Level Annotations

Branches:
Dungeon (3/15)

Altars:


Innate Abilities, Weirdness & Mutations

You heal slowly.
You have razor-sharp teeth.
You have supernaturally acute eyesight.
You can survive without breathing.


Message History

An adder is nearby!
You miss the adder. The adder bites you.
You closely miss the adder. The adder bites you.
* * * LOW HITPOINT WARNING * * *
You are poisoned.
The adder poisons you!
You are too injured to fight recklessly!
You hit the adder.
The adder is heavily wounded.
The adder bites you but does no damage.
You hit the adder.
The adder is heavily wounded.
The adder misses you.
You hit the adder but do no damage.
The adder is heavily wounded.
You feel sick. The adder closely misses you.
You hit the adder. Your bite misses the adder.
The adder is severely wounded.
The adder bites you.
You die...

### #.# #.#
#.##############.## #.#
#......)..........# #.#
#.##############..# #.# #.#
#..รท.......# #.# #.#
#.######...#####.## #.#
#.######...#......# #.#
#.#..S.#...#.###..# #.#
#.#..@.....#)#.#..#
#####.######.#........#...#..#
..................>...#.#.#..#
##.####.####..........#.#.#..#
#.# #.#.................#..#
#.# #.#.#######.####..#....#
#.# #.#.# #.# #..#.##.## #.#
#.#.# #.# #..#.....# #.# #.#.#
#.####..#######


You could see an adder.

Vanquished Creatures
  3 adders
  A giant gecko (D:2)
  5 bats
  2 giant cockroaches (D:1)
  7 goblins
  2 hobgoblins (D:1)
  4 giant newts
  7 kobolds
  4 rats (D:1)
35 creatures vanquished.

Notes
Turn   | Place    | Note
--------------------------------------------------------------
     0 | D:1      | RedPan the Vampire Enchanter began the quest for the Orb.
     0 | D:1      | Reached XP level 1. HP: 13/13 MP: 3/3
   153 | D:1      | Reached skill level 5 in Hexes
   424 | D:1      | Reached XP level 2. HP: 19/19 MP: 5/5
   431 | D:1      | Learned a level 2 spell: Ensorcelled Hibernation
  1040 | D:2      | Reached skill level 6 in Hexes
  1059 | D:2      | Reached XP level 3. HP: 7/24 MP: 0/6
  1270 | D:2      | Reached skill level 5 in Stealth
  1534 | D:2      | Learned a level 3 spell: Confuse
  1955 | D:2      | Slain by an adder

Vault maps used:
D:1:      dpeg_arrival_round_c
D:2:      first_bread
D:3:      small_statue_intersection, hangedman_abyss_or_decor_lesser_grid,
          okawaru_trees_1, uniq_natasha

Action                   || total
-------------------------++-------
Melee: Dagger            ||   180
 Cast: Ensorcelled Hiber ||     6
       Confuse           ||     3
  Use: Scroll            ||     5
       Potion            ||     1
 Stab: Sleeping          ||    10
       Distracted        ||     1
